 Dungeon Crawl Stone Soup version 0.28.0-47-ge53b351184 (webtiles) character file.

Game seed: 14176033885223010816

10450 Gabide the Human Disaster (level 11, -28/87 HPs)
             Began as a Human Monk on May 9, 2022.
             Was a Believer of Qazlal.
             Killed from afar by an efreet (30 damage)
             ... with a fireball
             ... on level 9 of the Dungeon.
             The game lasted 00:25:33 (11769 turns).

Gabide the Human Disaster (Human Monk)             Turns: 11769, Time: 00:25:33

Health: -28/87     AC:  6    Str: 22    XL:     11   Next: 93%
Magic:  20/28      EV: 16    Int: 16    God:    Qazlal [**....]
Gold:   884        SH: 16    Dex: 17    Spells: 10/10 levels left

rFire   . . .      SeeInvis .   p - +5 whip
rCold   . . .      Faith    .   b - +3 buckler
rNeg    + + +      Spirit   .   w - +0 troll leather armour
rPois   .          Reflect  +   l - +1 hat
rElec   .          Harm     .   (no cloak)
rCorr   .          Rampage  .   (no gloves)
Will    .....                   k - +0 pair of boots
Stlth   ++........              c - amulet of reflection
HPRegen 1.04/turn               q - ring of Vethate {Str+7 Int+6}
MPRegen 0.21/turn               d - ring of Zeakyid {rN+++ MP+9}

@: no status effects
A: no striking features
a: Renounce Religion, Upheaval


You were on level 9 of the Dungeon.
You worshipped Qazlal.
Qazlal was pleased with you.
You visited 1 branch of the dungeon, and saw 9 of its levels.

You collected 884 gold pieces.

Inventory:

Hand Weapons
 a - a +0 mace of protection
 p - a +5 whip (weapon)
Armour
 b - a +3 buckler (worn)
 k - a +0 pair of boots (worn)
 l - a +1 hat (worn)
 m - a +1 leather armour
 w - a +0 troll leather armour (worn)
 z - +0 steam dragon scales
Jewellery
 c - an amulet of reflection (around neck)
 d - the ring of Zeakyid (right hand) {rN+++ MP+9}
   (You acquired it on level 6 of the Dungeon)

   [ring of magical power]

   rN:        It renders you almost immune to negative energy.
   MP:        It affects your magic capacity (+9).
 h - a ring of ice
 o - an amulet of magic regeneration
 q - the ring of Vethate (left hand) {Str+7 Int+6}
   (You found it on level 3 of the Dungeon)

   [ring of intelligence]

   Str:       It affects your strength (+7).
   Int:       It affects your intelligence (+6).
Scrolls
 f - 2 scrolls of blinking
 j - a scroll of noise
 u - 3 scrolls of torment
 v - 3 scrolls of enchant weapon
 y - a scroll of fog
Potions
 e - a potion of attraction
 g - a potion of flight {unknown}
 n - a potion of might
 r - a potion of ambrosia
 s - 4 potions of mutation
 t - 2 potions of degeneration
 x - 2 potions of resistance
 B - a potion of curing
Miscellaneous
 A - a piece from Xom's chessboard (14/15)


   Skills:
 + Level 8.6 Fighting
 + Level 8.5 Maces & Flails
 - Level 2.0 Armour
 + Level 8.4 Dodging
 - Level 2.0 Stealth
 - Level 4.0 Shields
 * Level 11.8 Invocations


You had 10 spell levels left.
You didn't know any spells.
Your spell library contained the following spells:

 Spells                   Type           Power      Damage    Failure   Level
 Apportation              Tloc           0%         N/A       36%         1
 Magic Dart               Conj           0%         1d3       36%         1
 Call Imp                 Summ           0%         N/A       50%         2
 Sublimation of Blood     Necr           0%         N/A       50%         2
 Wereblood                Tmut           0%         N/A       50%         2
 Frozen Ramparts          Ice            0%         1d2       75%         3
 Ignite Poison            Fire/Tmut/Pois 0%         N/A       75%         3
 Mephitic Cloud           Conj/Pois/Air  0%         N/A       75%         3
 Ice Form                 Ice/Tmut       0%         N/A       98%         4
 Olgreb's Toxic Radiance  Pois           0%         N/A       98%         4
 Summon Ice Beast         Ice/Summ       0%         N/A       98%         4
 Freezing Cloud           Conj/Ice/Air   0%         6-21      100%        5
 Ozocubu's Refrigeration  Ice            0%         4d5       100%        7
 Summon Hydra             Summ           0%         N/A       100%        7
 Ignition                 Fire           0%         3d3       100%        8


Dungeon Overview and Level Annotations

Branches:
Dungeon (9/15)             Temple (0/1) D:7             Orc (0/2) D:9
   Lair: D:8-11

Altars:
Qazlal
Sif Muna
Trog
Wu Jian

Shops:
D:3 :


Message History

You feel a bit more experienced.
You can no longer give life to nearby clouds.
The cyclops throws a large rock.
The large rock hits you!!
* * * LOW HITPOINT WARNING * * *
Aiming: Upheaval
Press: ? - help, Dir - move target, f/p - cyclops
Aim: a cyclops, quivering large rocks (heavily wounded)
A blizzard blasts the area with ice!
The blast of ice hits the cyclops!!!
You kill the cyclops!
Qazlal accepts your kill.
The blast of ice hits the efreet!!
The efreet is frozen!
The efreet is severely wounded.
The efreet is flash-frozen.
The efreet misses you.
You make a move on Xom's chessboard...
The efreet flickers and vanishes!
Deactivating autopickup; reactivate with Ctrl-A.
A bolt of fire appears from out of thin air!
The bolt of fire hits you!!
* * * LOW HITPOINT WARNING * * *
Blink to where?
Press: ? - help, Dir - move target, f - you
Okay, then.
Unknown command.
You feel much better.
A bolt of fire appears from out of thin air!
The bolt of fire hits you!
* * * LOW HITPOINT WARNING * * *
You feel much better. Something hits you. Something burns you.
You hit something but do no damage. Something hits you! Something burns you.
You hit something. You hit something but do no damage.
A bolt of fire appears from out of thin air!
The bolt of fire hits you!!
* * * LOW HITPOINT WARNING * * *
Aiming: Upheaval
Press: ? - help, Dir - move target The ground shakes violently, spewing rubble!
A fireball appears from out of thin air!
The fireball explodes!
The fireball engulfs you!!
You die...

....######.# .°. ####. ....# #.#
#.# #.... ....# #.# ##.## #....
....# #.# #...# ##.... ....#
#.#####.## # ##.....
....######.##.##.##.# ##......
...........'....(†..# ####.......
...........##.##{##.# #..........
..(........#####@# # #..........
####.......## #....# ##..........
...#........##########...........
...#........<########.......#####
...'..................>..>..#....
...#........................#....
...#..#########.............#....
...#..#.......#..#####......#....
...#..#.......#..# #......#....


There were no monsters in sight!

Vanquished Creatures
  A hydra (D:9)
  A boulder beetle (D:9)
  2 cyclopes
  A black mamba (shapeshifter) (D:9)
  An unseen horror (shapeshifter) (D:9)
  A troll (D:9)
  A hornet (D:9)
  A meliai (D:9)
  A shadow (D:6)
  20 yaks
  A basilisk (shapeshifter) (D:9)
  A steam dragon (D:9)
  A vampire mosquito (D:8)
  3 water moccasins
  A hornet zombie (D:8)
  4 orc warriors
  2 sky beasts
  A necrophage (D:5)
  An ice beast (D:6)
  A centaur (D:9)
  3 ogres
  3 kobold brigands
  Blork the orc (D:6)
  A scorpion (D:6)
  2 bullfrogs
  A wyvern zombie (D:8)
  4 killer bees (D:9)
  5 howler monkeys
  A bullfrog zombie (D:5)
  2 centaur zombies (D:9)
  3 jellies
  2 orc priests (D:6)
  A centaur skeleton (D:7)
  A hound (D:2)
  A gnoll shaman (D:9)
  4 orc wizards
  3 iguanas
  A killer bee zombie (D:6)
  4 howler monkey zombies
  5 adders
  A white imp (D:7)
  An ufetubus (D:7)
  2 adder skeletons
  2 worms
  4 dart slugs
  14 orcs
  7 ball pythons
  8 bats
  6 endoplasms
  5 giant cockroaches
  14 goblins
  7 hobgoblins
  3 jackals (D:1)
  18 kobolds
  A quokka (D:1)
  5 frilled lizards
  5 rats
197 creatures vanquished.

Vanquished Creatures (collateral kills)
  5 yaks
  A black bear (D:4)
  A scorpion (D:4)
7 creatures vanquished.

Grand Total: 204 creatures vanquished

Notes
Turn   | Place    | Note
-------+----------+-------------------------------------------
     0 | D:1      | Gabide the Human Monk began the quest for the Orb.
     0 | D:1      | Reached XP level 1. HP: 18/18 MP: 1/1
   185 | D:1      | Reached XP level 2. HP: 24/24 MP: 2/2
   413 | D:1      | Found a faded altar of an unknown god.
   507 | D:1      | Got Plato's Incunabulum of the Traveller
   508 | D:1      | Prayed at the altar of an unknown god.
   508 | D:1      | Became a worshipper of Qazlal Stormbringer
   508 | D:1      | Reached * piety under Qazlal
   508 | D:1      | Reached ** piety under Qazlal
   560 | D:1      | Reached XP level 3. HP: 29/29 MP: 3/3
   782 | D:1      | Reached *** piety under Qazlal
   874 | D:1      | Reached skill level 1 in Invocations
  1580 | D:2      | Reached XP level 4. HP: 35/35 MP: 4/4
  1681 | D:2      | Reached skill level 1 in Armour
  2315 | D:3      | Reached XP level 5. HP: 27/41 MP: 2/6
  2439 | D:3      | Found Geur's Book Shoppe.
  2448 | D:3      | Reached skill level 2 in Invocations
  2515 | D:3      | Identified the ring of Vethate {Str+7 Int+6}
  3302 | D:4      | Noticed a yak
  3302 | D:4      | Noticed a yak
  3308 | D:4      | Noticed a yak
  3308 | D:4      | Noticed a yak
  3322 | D:3      | HP: 1/42 [yak (13)]
  3334 | D:3      | Killed a yak
  3335 | D:3      | Reached skill level 3 in Invocations
  3335 | D:3      | Reached XP level 6. HP: 3/48 MP: 2/8
  3642 | D:3      | Killed a yak
  3643 | D:3      | Reached XP level 7. HP: 38/55 MP: 7/9
  3647 | D:3      | Killed a yak
  3648 | D:3      | Reached skill level 4 in Invocations
  3764 | D:4      | Killed a yak
  3765 | D:4      | Reached skill level 5 in Invocations
  3765 | D:4      | Reached XP level 8. HP: 29/61 MP: 5/11
  3766 | D:4      | Reached skill level 5 in Fighting
  4569 | D:5      | Entered Level 5 of the Dungeon
  4601 | D:5      | Reached skill level 1 in Shields
  4621 | D:5      | Reached skill level 5 in Maces & Flails
  4621 | D:5      | Reached skill level 5 in Dodging
  4641 | D:5      | Reached skill level 6 in Invocations
  4680 | D:5      | Reached XP level 9. HP: 31/68 MP: 9/13
  4961 | D:5      | Found an ornate altar of the Wu Jian Council.
  4967 | D:5      | Found a shimmering blue altar of Sif Muna.
  5035 | D:5      | Reached skill level 7 in Invocations
  5913 | D:5      | Found a bloodstained altar of Trog.
  6088 | D:6      | Reached XP level 10. HP: 77/77 MP: 15/15
  6136 | D:6      | Reached skill level 8 in Invocations
  6413 | D:6      | Noticed Blork the orc
  6416 | D:6      | Killed Blork the orc
  7047 | D:6      | Identified a scroll of acquirement
  7050 | D:6      | Acquired the ring of Zeakyid {rN+++ MP+9}
  7395 | D:7      | Found a staircase to the Ecumenical Temple.
  7404 | D:7      | You fall into a shaft and drop 2 floors!
  7583 | D:9      | Reached skill level 9 in Invocations
  8275 | D:7      | Noticed a cyclops
  8296 | D:7      | Killed a cyclops
  8798 | D:8      | Reached skill level 10 in Invocations
  8810 | D:8      | Reached XP level 11. HP: 71/84 MP: 18/18
  9962 | D:9      | Found a staircase to the Orcish Mines.
  9975 | D:9      | Noticed a six-headed hydra
  9997 | D:9      | Killed a six-headed hydra
  9998 | D:9      | Reached skill level 11 in Invocations
 10956 | D:9      | Noticed a boulder beetle
 11021 | D:9      | Killed a boulder beetle
 11748 | D:9      | Noticed a cyclops
 11762 | D:9      | Killed a cyclops
 11768 | D:9      | HP: 1/87 [something/bolt of fire (29)]
 11769 | D:9      | Killed from afar by an efreet

Illustrated notes

Levels and vault maps discovered:
D:1:      dpeg_arrival_refuge, layout_loops_ring,
          shapermc_ecumenical_altar_rom_forum, minmay_octomino_e4
D:2:      layout_basic
D:3:      layout_rooms, serial_shops, nicolae_shop_hallway_plus,
          minmay_joined_circles
D:4:      layout_rooms
D:5:      layout_loops_cross, lightli_temple_of_fire, grunt_temple_overflow_open
D:6:      layout_basic, uniq_blork_the_orc
D:7:      layout_gridville, minmay_temple_entry_wispy, kennysheep_dice
D:8:      layout_basic, enter_bailey_5
D:9:      hangedman_cross_veins, layout_irregular_city, orc_0_dummy,
          kennysheep_another_room

Skill      XL: |  1  2  3  4  5  6  7  8  9 10 11 |
---------------+----------------------------------+-----
Invocations    | 1 3 5 6 7 10 11 | 11.8
Armour         | 1 2 |  2.0
Fighting       | 4 5 6 7 8 |  8.6
Maces & Flails | 4 5 6 7 8 |  8.5
Dodging        | 4 5 6 7 8 |  8.4
Shields        | 2 4 |  4.0
Stealth        | |  2.0

Action                   |  1- 3 |  4- 6 |  7- 9 | 10-12 || total
-------------------------+-------+-------+-------+-------++-------
Melee: Mace              |   105 |   162 |   213 |   502 ||   982
       Punch             |     1 |     1 |       |       ||     2
       Whip              |       |       |       |   113 ||   113
Throw: Throwing net      |       |     3 |       |       ||     3
Invok: Upheaval          |       |     4 |     3 |    10 ||    17
       Elemental Force   |       |       |     2 |     2 ||     4
Evoke: Wand              |       |     4 |     6 |     6 ||    16
       Piece from Xom's  |       |       |       |     1 ||     1
  Use: Scroll            |     3 |    10 |     3 |     7 ||    23
       Potion            |       |       |       |     8 ||     8
 Stab: Paralysed         |       |    10 |    14 |     7 ||    31
       Invisible         |       |       |       |     4 ||     4
Armor: Robe              |    15 |       |       |       ||    15
       Leather armour    |     7 |    27 |    37 |    93 ||   164
       Skin              |       |       |       |    14 ||    14
       Troll leather arm |       |       |       |    11 ||    11
       Steam dragon scal |       |       |       |     6 ||     6
Dodge: Dodged            |    63 |    77 |    56 |   253 ||   449
Block: Other             |    18 |    72 |     2 |       ||    92
       Reflection        |       |     3 |     1 |     7 ||    11
       Buckler           |       |       |   118 |   489 ||   607
